[Event "*** Titled Tuesday Blitz"]
[Site "Chess.com"]
[Date "2019.08.06"]
[Round "3"]
[White "Blitzking642"]
[Black "Bladel"]
[Result "0-1"]
[WhiteElo "2391"]
[BlackElo "2427"]
[TimeControl "180+2"]
[EndTime "13:33:40 PDT"]
[Termination "Bladel won by resignation"]

1. d4 e6 2. c4 b6 3. e4 Bb7 4. Bd3 f5 5. exf5 Bxg2 6. Qh5+ g6 7. fxg6 Nf6 8. g7+ Nxh5 9. gxh8=Q Nf6 10. Bg5 Kf7 11. Bxf6 Qxf6 12. Qxh7+ Qg7 13. Qh5+ Ke7 14. Ne2 Bxh1 15. Nbc3 Qh6 16. Qg4 Bg7 17. Ng3 Nc6 18.
Nxh1 Bxd4 19. Ng3 Rf8 20. Nge4 Ne5 21. Qe2 Nf3+ 22. Kd1 Qxh2 23. Kc2 Bxf2 24. Kb3 0-1

[Event "*** Titled Tuesday Blitz"]
[Site "Chess.com"]
[Date "2019.08.06"]
[Round "3"]
[White "ChessyInstinct"]
[Black "ilm2034"]
[Result "1-0"]
[WhiteElo "2390"]
[BlackElo "2504"]
[TimeControl "180+2"]
[EndTime "13:33:42 PDT"]
[Termination "ChessyInstinct won by resignation"]

1. d4 d6 2. c4 Nf6 3. Nc3 Bf5 4. g3 c6 5. Bg2 d5 6. Nf3 e6 7. O-O Bd6 8. Nh4 Bg6 9. Nxg6 hxg6 10. e4 dxe4 11. Nxe4 Nxe4 12. Bxe4 Nd7 13. Re1 g5 14. d5 cxd5 15. cxd5 e5 16. Qa4 Qf6 17. Be3 g4 18.
Bd3 Qf3 19. Be2 Qxd5 20. Bxg4 Qc6 21. Qxc6 bxc6 22. Rad1 Ke7 23. Rxd6 Kxd6 24. Rd1+ Ke7 25. Rxd7+ Kf6 26. Rd6+ Ke7 27. Rxc6 Rad8 28. Bc5+ Ke8 29. Rc7 g6 30. Bf3 Rd2 31. Bc6+ Kd8 32. Rxa7 Rxb2 33. Bd6 Rxa2 34. Rxa2 1-0

[Event "*** Titled Tuesday Blitz"]
[Site "Chess.com"]
[Date "2019.08.06"]
[Round "3"]
[White "KacperPolOK"]
[Black "kasparicy"]
[Result "1-0"]
[WhiteElo "2423"]
[BlackElo "2400"]
[TimeControl "180+2"]
[EndTime "13:33:47 PDT"]
[Termination "KacperPolOK won by resignation"]

1. e4 c5 2. Nc3 d6 3. Nf3 e6 4. d4 cxd4 5. Nxd4 Nf6 6. g4 a6 7. g5 Nfd7 8. Be3 b5 9. Qd2 Nb6 10. a3 N8d7 11. O-O-O Bb7 12. h4 Be7 13. h5 Ne5 14. f4 Nec4 15. Qf2 Rc8 16. Bxc4 Nxc4 17. g6 Nxa3 18. gxf7+ Kxf7 19. h6 Rg8 20. hxg7 Rxg7 21.
f5 b4 22. fxe6+ Kg8 23. Rdg1 Bf6 24. Nf5 bxc3 25. bxa3 Bxe4 26. Nxg7 Bxg7 27. Qf7+ 1-0

[Event "*** Titled Tuesday Blitz"]
[Site "Chess.com"]
[Date "2019.08.06"]
[Round "3"]
[White "canwedoit"]
[Black "chessdjw"]
[Result "0-1"]
[WhiteElo "2430"]
[BlackElo "2659"]
[TimeControl "180+2"]
[EndTime "13:33:51 PDT"]
[Termination "chessdjw won by resignation"]

1. d4 g6 2. e4 d6 3. Nc3 Bg7 4. Be3 a6 5. f3 e6 6. h4 h6 7. Qd2 b5 8. O-O-O Bb7 9. h5 g5 10.
Bd3 Nd7 11. f4 gxf4 12. Bf2 c5 13. e5 cxd4 14. Ne4 Bxe4 15. Bxe4 dxe5 16. Bh4 Ngf6 17. Bxa8 Qxa8 18. Nf3 Qd5 19. Qa5 O-O 20. Rhe1 Ng4 21.
Kb1 Ne3 22. Rd2 Nc4 23. Qb4 a5 24. Qe7 e4 25. Rdd1 Nxb2 26. Kxb2 d3+ 27. c3 b4 0-1

[Event "*** Titled Tuesday Blitz"]
[Site "Chess.com"]
[Date "2019.08.06"]
[Round "3"]
[White "colegiodemadrid"]
[Black "chedimir"]
[Result "0-1"]
[WhiteElo "2326"]
[BlackElo "2277"]
[TimeControl "180+2"]
[EndTime "13:33:53 PDT"]
[Termination "chedimir won by resignation"]

1. e4 g6 2. d4 Bg7 3. Nf3 d6 4.
Bc4 e6 5. Qe2 Ne7 6. O-O a6 7. a4 b6 8. Nc3 Bb7 9. Ba2 Nd7 10. Bf4 O-O 11. h4 e5 12. dxe5 dxe5 13. Bg5 h6 14. Be3 Nc6 15. Rad1 Qe7 16. Nd5 Qd8 17.
Qd2 Kh7 18. Nxc7 Qxc7 19. Qxd7 Rac8 20. Qxc7 Rxc7 21. Bxb6 Rcc8 22. Rd7 Ba8 23. h5 gxh5 24. Bxf7 Nd4 25. Nxd4 exd4 26. Bd5 Bxd5 27. exd5 Kg6 28.
Bc7 Rf5 29. d6 Rc5 30. Re1 Bf6 31. Re2 Rc6 32. g3 h4 33. Kg2 hxg3 34. fxg3 Rg8 35. Kf3 h5 36. Ke4 Re8+ 37. Kd3 Rxe2 38. Kxe2 Rxc2+ 39. Kd3 Rxb2 40. a5 Rb3+ 41. Kd2 Rb2+ 42. Kd1 d3 43. Bb6 Bg5 0-1

[Event "*** Titled Tuesday Blitz"]
[Site "Chess.com"]
[Date "2019.08.06"]
[Round "3"]
[White "BilodeauA"]
[Black "Airquake"]
[Result "1-0"]
[WhiteElo "2907"]
[BlackElo "2630"]
[TimeControl "180+2"]
[EndTime "13:34:04 PDT"]
[Termination "BilodeauA won by resignation"]

1. e4 c5 2. Nf3 d6 3. d4 cxd4 4. Nxd4 Nf6 5. Nc3 a6 6. Nb3 g6 7. Be3 Bg7 8. Qd2 Nc6 9. f3 b5 10. Bh6 Bxh6 11. Qxh6 Qb6 12. O-O-O Be6 13. Kb1 Ne5 14.
Qd2 O-O 15. Qd4 Qc7 16. f4 Nc4 17. Bxc4 bxc4 18. Nd2 Rab8 19. Ka1 Rfc8 20. Rhf1 Qb7 21. Rb1 d5 22. f5 gxf5 23. exf5 Bd7 24. g4 Bc6 25. g5 Ne8 26. Nf3 Qb6 27. Qxb6 Rxb6 28. Nd4 Nd6 29. Nxc6 Rbxc6 30. Nxd5 Kf8 31. Rbe1 Rc5 32.
Nxe7 Re8 33. g6 Nxf5 34. gxh7 Kg7 35. Nxf5+ Rxf5 36. Rg1+ 1-0

[Event "*** Titled Tuesday Blitz"]
[Site "Chess.com"]
[Date "2019.08.06"]
[Round "3"]
[White "Didici"]
[Black "Guriempire"]
[Result "1-0"]
[WhiteElo "2650"]
[BlackElo "2609"]
[TimeControl "180+2"]
[EndTime "13:34:04 PDT"]
[Termination "Didici won by resignation"]

1. d4 f5 2. e4 fxe4 3. Nc3 Nf6 4. Bg5 Nc6 5. d5 Ne5 6. Qe2 Nf7 7. Bxf6 exf6 8. Nxe4 Qe7 9. d6 Qe6 10. dxc7 Bb4+ 11.
c3 Ba5 12. O-O-O Bxc7 13. Nf3 O-O 14. Qc4 d5 15. Rxd5 b6 16. Rd1 Bf4+ 17. Kb1 Qe7 18. Ng3 Bc7 19. Bd3 Be6 20. Qe4 g6 21. Rhe1 Rfe8 22. Nd4 Ng5 23. Qc6 Be5 24. Nxe6 Nxe6 25. Bc4 1-0

[Event "*** Titled Tuesday Blitz"]
[Site "Chess.com"]
[Date "2019.08.06"]
[Round "3"]
[White "Infernal_XaM"]
[Black "GianmarcoVaR"]
[Result "0-1"]
[WhiteElo "2819"]
[BlackElo "2565"]
[TimeControl "180+2"]
[EndTime "13:34:05 PDT"]
[Termination "GianmarcoVaR won by resignation"]

1. c4 Nf6 2. Nc3 e5 3. e3 Bb4 4. Nge2 O-O 5. a3 Bd6 6. h3 c6 7. g4 Bc7 8. Bg2 h6 9. d4 d6 10. d5 cxd5 11. Nxd5 Nxd5 12. Bxd5 Nd7 13. Nc3 Nb6 14. b3 Nxd5 15. Nxd5 Be6 16. e4 Bb6 17.
Nxb6 Qxb6 18. Be3 Qc6 19. Qd3 a6 20. a4 f5 21. O-O-O f4 22. Bd2 b5 23. Bc3 Rfd8 24. cxb5 axb5 25. axb5 Qc5 26. Rd2 Bxb3 27. g5 Ra1+ 0-1

[Event "*** Titled Tuesday Blitz"]
[Site "Chess.com"]
[Date "2019.08.06"]
[Round "3"]
[White "timator"]
[Black "nailbeshirli"]
[Result "0-1"]
[WhiteElo "2395"]
[BlackElo "2637"]
[TimeControl "180+2"]
[EndTime "13:34:05 PDT"]
[Termination "nailbeshirli won by resignation"]

1. Nf3 Nf6 2. g3 c5 3. Bg2 Nc6 4. O-O g6 5. c4 Bg7 6. Nc3 O-O 7. b3 d6 8. Bb2 e5 9. d3 h6 10. e3 Bg4 11. h3 Be6 12. Nd2 Qd7 13. Kh2 Nh7 14.
Nd5 f5 15. a3 Ne7 16. Nxe7+ Qxe7 17. Qc2 g5 18. f4 g4 19. h4 Nf6 20. d4 cxd4 21.
exd4 exf4 22. gxf4 Nh5 23. Kg1 Qxh4 24. Rae1 Nxf4 25.
Re3 Nxg2 26. Kxg2 f4 27. Rxe6 f3+ 28. Nxf3 gxf3+ 29. Rxf3 Rxf3 0-1

[Event "*** Titled Tuesday Blitz"]
[Site "Chess.com"]
[Date "2019.08.06"]
[Round "3"]
[White "Nancy11111"]
[Black "Komissarov_alex"]
[Result "1-0"]
[WhiteElo "2311"]
[BlackElo "2189"]
[TimeControl "180+2"]
[EndTime "13:34:08 PDT"]
[Termination "Nancy11111 won on time"]

1. d4 d5 2. c4 e6 3. Nf3 Nf6 4.
g3 dxc4 5. Bg2 a6 6. a4 Nc6 7. O-O Be7 8. e3 O-O 9. Nbd2 Na5 10.
Qc2 b5 11. Ne5 Nd5 12. axb5 c5 13. bxc6 f6 14. Ndxc4 Nxc4 15. Nxc4 Qc7 16. Qa4 Rb8 17. Bd2 Bb4 18. e4 Bxd2 19. Nxd2 Rxb2 20. exd5 Rxd2 21. dxe6 Bxe6 22. Rfd1 Rxd1+ 23. Rxd1 1-0

[Event "*** Titled Tuesday Blitz"]
[Site "Chess.com"]
[Date "2019.08.06"]
[Round "3"]
[White "GelmanAlexander"]
[Black "moro182"]
[Result "0-1"]
[WhiteElo "2560"]
[BlackElo "2815"]
[TimeControl "180+2"]
[EndTime "13:34:09 PDT"]
[Termination "moro182 won by resignation"]

1. d4 d5 2. Nc3 Nf6 3. Bf4 a6 4. e3 Bf5 5. Nf3 e6 6. Ne5 c5 7. g4 Bg6 8. h4 h5 9. g5 cxd4 10. exd4 Ne4 11. Nxg6 fxg6 12. Nxe4 dxe4 13. Bg2 Bd6 14.
Be3 Nc6 15. Bxe4 Ne7 16. Qd3 O-O 17. Bxg6 Nxg6 18. Qxg6 Qa5+ 19. c3 Qd5 20. O-O-O Qxa2 21. Qxh5 Rac8 22. Kc2 Ba3 23. Rb1 Bb4 24. g6 Rxc3+ 25. Kd1 Qxb1+ 26. Ke2 Qd3+ 0-1

[Event "*** Titled Tuesday Blitz"]
[Site "Chess.com"]
[Date "2019.08.06"]
[Round "3"]
[White "731291"]
[Black "SanchezKelvin"]
[Result "0-1"]
[WhiteElo "2675"]
[BlackElo "2453"]
[TimeControl "180+2"]
[EndTime "13:34:13 PDT"]
[Termination "SanchezKelvin won by resignation"]

1. d4 Nf6 2. Nf3 e6 3. g3 c5 4. Bg2 Qc7 5. O-O a6 6. b3 b5 7. Bb2 Bb7 8. Nbd2 Be7 9. c4 cxd4 10. Bxd4 b4 11. Qc2 a5 12. Rac1 Na6 13. e4 d6 14.
Rfe1 e5 15. Bb2 Nc5 16. Nh4 O-O 17. Nf5 Rfd8 18. h3 Bf8 19. g4 g6 20. Ne3 Bh6 21. Rcd1 Ne6 22. h4 Bxe3 23. Rxe3 Nxg4 24. Rg3 h5 25. Nf1 Nf4 26. Ne3 Qe7 27. Nxg4 hxg4 28. Rxg4 Kh7 29. Bf3 f5 30. Rg5 Nh3+ 31. Kf1 Nxg5 32.
hxg5 Qxg5 33. Ke2 Qf4 34. Rh1+ Kg7 35. Bc1 Qxf3+ 36. Kxf3 Bxe4+ 37. Qxe4 fxe4+ 38. Kxe4 Rh8 39. Rd1 Rh4+ 40. f4 exf4 41. Rxd6 Re8+ 42. Kf3 g5 43. Bb2+ Kh7 44. Rd7+ Kg6 45. Rg7+ Kh6 46. Rf7 Re3+ 47. Kf2 Rh2+ 0-1

[Event "*** Titled Tuesday Blitz"]
[Site "Chess.com"]
[Date "2019.08.06"]
[Round "3"]
[White "Hrant_ChessMood"]
[Black "BlitzWizard04"]
[Result "1-0"]
[WhiteElo "2941"]
[BlackElo "2431"]
[TimeControl "180+2"]
[EndTime "13:34:21 PDT"]
[Termination "Hrant_ChessMood won on time"]

1. e4 e5 2. Nf3 Nf6 3. Nxe5 d6 4. Nf3 Nxe4 5. Nc3 Nxc3 6. dxc3 Be7 7. Be3 O-O 8. Qd2 Nd7 9. O-O-O c6 10. Kb1 d5 11.
c4 Nb6 12. cxd5 Nxd5 13. Bc4 Nxe3 14. Qxe3 Qc7 15. Rhe1 Bf6 16. Ne5 Bf5 17. f4 h5 18.
Qc5 Bg4 19. Nxg4 hxg4 20. Qf5 Rfe8 21. Qxg4 Qb6 22. Bb3 Rxe1 23. Rxe1 Rd8 24. Qh5 Qc7 25. g4 a5 26. g5 Bd4 27. g6 1-0

[Event "*** Titled Tuesday Blitz"]
[Site "Chess.com"]
[Date "2019.08.06"]
[Round "3"]
[White "Vnebo"]
[Black "Philosopherrr"]
[Result "1-0"]
[WhiteElo "2702"]
[BlackElo "2466"]
[TimeControl "180+2"]
[EndTime "13:34:29 PDT"]
[Termination "Vnebo won by resignation"]

1. e4 e5 2. Nf3 Nc6 3. Bb5 a6 4. Bxc6 dxc6 5. Nc3 Qf6 6. d4 exd4 7. Qxd4 Qxd4 8. Nxd4 Bd6 9. Be3 Ne7 10. O-O-O O-O 11.
f3 b6 12. Nde2 Be5 13. Bf4 f6 14. Bxe5 fxe5 15. Rd2 Be6 16. Nd1 a5 17. Ne3 Kf7 18. g3 g5 19. h4 Kg7 20. Rf1 h6 21. hxg5 hxg5 22. f4 exf4 23. gxf4 gxf4 24. Nxf4 Bf7 25. Rg2+ Ng6 26. Rfg1 1-0

[Event "*** Titled Tuesday Blitz"]
[Site "Chess.com"]
[Date "2019.08.06"]
[Round "3"]
[White "PotapovaM"]
[Black "Everyfishknows"]
[Result "0-1"]
[WhiteElo "2479"]
[BlackElo "2395"]
[TimeControl "180+2"]
[EndTime "13:34:29 PDT"]
[Termination "Everyfishknows won by resignation"]

1. d4 Nf6 2. c4 e6 3. Nf3 Bb4+ 4. Nbd2 O-O 5. a3 Be7 6. e4 d6 7. Bd3 e5 8. O-O Nbd7 9. b4 a5 10. Bb2 exd4 11. Nxd4 Re8 12. Nf5 Bf8 13. Re1 Ne5 14. Bf1 Nxe4 15. Nh6+ gxh6 16. Nxe4 Bg7 17. Qh5 Bg4 18.
Qxg4 Nxg4 19. Bxg7 Kxg7 20. h3 Nf6 21. Ng3 Rxe1 22.
Rxe1 Qd7 23. Bd3 Re8 24. Rd1 axb4 25. axb4 Qa4 26. Nf5+ Kf8 27. Rf1 Qxb4 28. Nxh6 Re1 29.
Nf5 Rxf1+ 30. Bxf1 Qd2 31. Ne3 Ne4 0-1

[Event "*** Titled Tuesday Blitz"]
[Site "Chess.com"]
[Date "2019.08.06"]
[Round "3"]
[White "Patolindo"]
[Black "Morscas"]
[Result "0-1"]
[WhiteElo "2217"]
[BlackElo "2186"]
[TimeControl "180+2"]
[EndTime "13:34:30 PDT"]
[Termination "Morscas won by checkmate"]

1. d4 g6 2. c4 Bg7 3. Nf3 d6 4. Nc3 Nc6 5. e4 e5 6. d5 Nd4 7.
Be3 Bg4 8. Be2 Nxe2 9. Qxe2 Nf6 10. h3 Bd7 11. O-O O-O 12. c5 Ne8 13. cxd6 cxd6 14.
Rac1 h6 15. Ne1 f5 16. f3 f4 17. Bf2 g5 18. a4 h5 19. Nd3 Rf7 20. Rc2 Bf8 21. Rfc1 Rg7 22. Nb5 g4 23. hxg4 hxg4 24. Nc7 gxf3 25. Qxf3 Bg4 26. Qxg4 Rxg4 27. Nxa8 b6 28.
Rc8 Qe7 29. Nc7 Nxc7 30. R1xc7 Qg5 31. Ne1 f3 32. Nxf3 Rxg2+ 33. Kf1 Qg4 34. Ne1 Rh2 35.
Bg1 Qe2# 0-1

[Event "*** Titled Tuesday Blitz"]
[Site "Chess.com"]
[Date "2019.08.06"]
[Round "3"]
[White "GMMarcinDziuba"]
[Black "KhazarBabazada"]
[Result "1/2-1/2"]
[WhiteElo "2700"]
[BlackElo "2831"]
[TimeControl "180+2"]
[EndTime "13:34:32 PDT"]
[Termination "Game drawn by repetition"]

1. Nf3 Nf6 2. g3 b5 3. Bg2 Bb7 4. O-O e6 5. b3 Be7 6. c4 a6 7. d4 O-O 8. Nbd2 d5 9. cxd5 exd5 10.
Bb2 Nbd7 11. Rc1 Rc8 12. Bh3 c6 13. Qc2 c5 14. dxc5 Bxc5 15. Bxf6 Qxf6 16. Qf5 Qxf5 17.
Bxf5 Rfd8 18. Rc2 g6 19. Bxd7 Rxd7 20. Rfc1 Rdc7 21. e3 Bb6 22. Rxc7 Rxc7 23. Rxc7 Bxc7 24. Nd4 Kf8 25. b4 Ke7 26. N2b3 Kd6 27. Kf1 Bc8 28.
Ke2 h5 29. h4 Bb6 30. Kd2 Bd7 31. Ke2 Bg4+ 32. Kd2 Bd7 33. Ke2 Bg4+ 34. Kd2 Bd7 1/2-1/2

[Event "*** Titled Tuesday Blitz"]
[Site "Chess.com"]
[Date "2019.08.06"]
[Round "3"]
[White "OparinGrigoriy"]
[Black "Faustregel"]
[Result "1-0"]
[WhiteElo "2994"]
[BlackElo "2513"]
[TimeControl "180+2"]
[EndTime "13:34:34 PDT"]
[Termination "OparinGrigoriy won by resignation"]

1. Nf3 d5 2. g3 c5 3. Bg2 Nc6 4. O-O Nf6 5. d4 e6 6. b3 cxd4 7. Nxd4 Bc5 8. Bb2 O-O 9. Nxc6 bxc6 10. Nd2 a5 11. c4 a4 12. Qc2 Qe7 13. Rad1 axb3 14.
axb3 Bd7 15. e4 Rfc8 16. Rfe1 dxc4 17. Nxc4 Be8 18. Ne5 Bb4 19. Re2 Ra5 20. Nc4 Rh5 21. h3 Rc5 22. Bd4 Rb5 23. Qb2 h5 24. Re3 Rcb8 25.
Rf3 Bc5 26. Be5 Rd8 27. Rfd3 Rxd3 28. Rxd3 Qb7 29. Bxf6 gxf6 30. Qxf6 Rxb3 31. Rd8 Rb1+ 32.
Kh2 Qe7 33. Qxe7 Bxe7 34. Rxe8+ Kg7 35. Rxe7 1-0

[Event "*** Titled Tuesday Blitz"]
[Site "Chess.com"]
[Date "2019.08.06"]
[Round "3"]
[White "Durarbayli"]
[Black "GMSrinath"]
[Result "1-0"]
[WhiteElo "2801"]
[BlackElo "2828"]
[TimeControl "180+2"]
[EndTime "13:34:37 PDT"]
[Termination "Durarbayli won by resignation"]

1. e4 c5 2. Nf3 d6 3. d4 cxd4 4. Nxd4 Nf6 5. Nc3 Nc6 6. f3 e5 7. Nb3 Be7 8. Be3 Be6 9. Nd5 O-O 10. Qd2 a5 11. c4 a4 12. Nc1 Nd7 13. Bd3 a3 14. b4 Nd4 15. O-O Bxd5 16. cxd5 Qb6 17.
Ne2 Ra4 18. Rab1 Bg5 19. f4 Bh6 20. Kh1 Nf6 21. Nxd4 exd4 22. Bg1 Ng4 23. Bc2 Raa8 24. Bxd4 Qb5 25. Bd3 Qa4 26. Qe2 f5 27. Bb5 1-0

[Event "*** Titled Tuesday Blitz"]
[Site "Chess.com"]
[Date "2019.08.06"]
[Round "3"]
[White "KarstenHansch"]
[Black "SergeiAza"]
[Result "0-1"]
[WhiteElo "2431"]
[BlackElo "2815"]
[TimeControl "180+2"]
[EndTime "13:34:37 PDT"]
[Termination "SergeiAza won by resignation"]

1. e4 e5 2. Nf3 Nc6 3. d4 exd4 4. Nxd4 Bc5 5. Nxc6 Qf6 6. Qf3 bxc6 7. Nd2 Qxf3 8.
Nxf3 d6 9. Bd3 Ne7 10. O-O O-O 11. Nd2 f5 12. Nb3 Bb6 13. a4 a5 14. Bg5 Ng6 15. Rae1 f4 16. h4 h6 17. h5 Ne5 18. Bh4 Bg4 19.
Kh2 f3 20. Nd2 Bxh5 21. Bg3 Rae8 22. Bxe5 Rxe5 23. gxf3 Bxf3 24. Nxf3 Rxf3 25. Kg2 Rf4 26. Kg3 g5 27. f3 Kg7 28. Rh1 Kg6 29. Rh3 h5 30.
Reh1 h4+ 31. Kg2 Kf6 32. Rd1 g4 33. fxg4 Rxg4+ 34. Kf3 Reg5 35. Rdh1 Rg3+ 36. Ke2 Rg2+ 37. Kf1 Rg1+ 38. Ke2 R5g2+ 0-1

[Event "*** Titled Tuesday Blitz"]
[Site "Chess.com"]
[Date "2019.08.06"]
[Round "3"]
[White "tbalabayev"]
[Black "Etoilegeniale"]
[Result "1-0"]
[WhiteElo "2376"]
[BlackElo "2523"]
[TimeControl "180+2"]
[EndTime "13:34:42 PDT"]
[Termination "tbalabayev won on time"]

1. Nf3 d5 2. g3 c6 3. Bg2 Nf6 4. O-O g6 5. d3 Bg7 6. Nbd2 O-O 7. e4 Nbd7 8. Re1 e5 9. a4 Re8 10. a5 a6 11. b3 dxe4 12. dxe4 Nc5 13. Ba3 Nfd7 14.
Nc4 Bf8 15. Nd6 Re6 16. Nxc8 Rxc8 17. Bh3 Rd6 18. Qe2 Rc7 19. Nd2 Rf6 20. Nc4 Ne6 21. Bb2 Bc5 22. Rf1 Nd4 23. Qd1 Qe7 24. Kg2 1-0

[Event "*** Titled Tuesday Blitz"]
[Site "Chess.com"]
[Date "2019.08.06"]
[Round "3"]
[White "PNEPaul"]
[Black "FearNoEvil12"]
[Result "0-1"]
[WhiteElo "1746"]
[BlackElo "1996"]
[TimeControl "180+2"]
[EndTime "13:34:45 PDT"]
[Termination "FearNoEvil12 won by checkmate"]

1. e4 a6 2. d4 b5 3. Nc3 Bb7 4. a3 e6 5. Bd3 Nf6 6. Nge2 d6 7. O-O Nbd7 8. f4 c5 9. e5 Nd5 10. Nxd5 Bxd5 11. c3 Qb6 12. Be3 dxe5 13. dxe5 Qb7 14.
Rf2 c4 15. Bc2 Nc5 16. Ng3 O-O-O 17. Qd4 Bc6 18. Qxc5 Bxc5 19. Bxc5 Rd7 20. Bd6 g6 21. Re1 Qb6 22. Kf1 Rhd8 23. Rd2 a5 24. Ne4 f5 25.
Nf6 Rb7 26. Red1 Qe3 27. Rf2 h6 28. Re1 Qb6 29. Rd1 g5 30. Rd4 g4 31. Rfd2 h5 32. Nxh5 Rh7 33. Nf6 Rxh2 34. Bd1 Qb7 35. Nxg4 Bxg2+ 36. Kg1 Rh1+ 37. Kf2 fxg4 38. Bxg4 Rf1+ 39. Ke2 Bf3+ 40.
Bxf3 Qxf3# 0-1

[Event "*** Titled Tuesday Blitz"]
[Site "Chess.com"]
[Date "2019.08.06"]
[Round "3"]
[White "tonyq11"]
[Black "GeorgeTen"]
[Result "0-1"]
[WhiteElo "2217"]
[BlackElo "2257"]
[TimeControl "180+2"]
[EndTime "13:34:47 PDT"]
[Termination "GeorgeTen won by resignation"]

1. d4 d5 2. c4 dxc4 3. Nf3 Nf6 4. e3 Bg4 5. Bxc4 e6 6. h3 Bh5 7. O-O a6 8. Nc3 Nc6 9. a3 Bd6 10. Qe2 O-O 11. Rd1 Qe7 12. g4 Bg6 13. e4 e5 14.
dxe5 Nxe5 15. Nxe5 Bxe5 16. f3 Rfd8 17. Bg5 h6 18. Nd5 Rxd5 19. Bxd5 hxg5 20. Rac1 c6 21. Bb3 Bf4 22. Rc2 Rd8 23. Rxd8+ Qxd8 24. Kg2 Qb6 25.
Rc3 Nd7 26. Bc4 Ne5 27. Bd3 f6 28. b4 Qd4 29. Rb3 Bf7 30. Qa2 Nxd3 31. Rxd3 Qxd3 0-1

[Event "*** Titled Tuesday Blitz"]
[Site "Chess.com"]
[Date "2019.08.06"]
[Round "3"]
[White "Arystanner"]
[Black "raviteja81293"]
[Result "0-1"]
[WhiteElo "2663"]
[BlackElo "2597"]
[TimeControl "180+2"]
[EndTime "13:34:48 PDT"]
[Termination "raviteja81293 won by checkmate"]

1. e4 c6 2. d4 d5 3. exd5 cxd5 4. c4 Nf6 5. Nc3 e6 6. Nf3 Bb4 7. Bd3 dxc4 8. Bxc4 O-O 9. O-O b6 10. Bg5 Bb7 11.
Re1 Bxc3 12. bxc3 Nbd7 13. Bd3 Qc7 14. c4 h6 15. Bh4 Nh5 16. Rc1 Qf4 17. Re3 Bxf3 18.
Rxf3 Qxh4 19. Rh3 Qf4 20. Rxh5 Nf6 21. g3 Qd6 22. c5 Qc7 23. Rh4 Rfd8 24. Qe2 Rd5 25. c6 Rad8 26. Qe3 R8d6 27. Bf1 Ra5 28. Bg2 Rxa2 29. g4 Ra5 30. f4 Nd5 31. Qe5 Rxc6 32. Rxc6 Qxc6 33. Qb8+ Kh7 34. Be4+ f5 35. gxf5 Qc1+ 36.
Kg2 Ra2+ 37. Kg3 Qg1+ 38. Kh3 Rxh2# 0-1

[Event "*** Titled Tuesday Blitz"]
[Site "Chess.com"]
[Date "2019.08.06"]
[Round "3"]
[White "ChessQueen"]
[Black "Micki-taryan"]
[Result "0-1"]
[WhiteElo "2643"]
[BlackElo "2959"]
[TimeControl "180+2"]
[EndTime "13:34:51 PDT"]
[Termination "Micki-taryan won by resignation"]

1. e4 c5 2. c3 Nf6 3. e5 Nd5 4. d4 cxd4 5. Nf3 e6 6. cxd4 Be7 7. Nc3 Nxc3 8. bxc3 d5 9. Bd3 Nc6 10. h4 h6 11. Rh3 Bd7 12. Kf1 Na5 13. Rb1 Rc8 14.
Bd2 a6 15. Rg3 Bf8 16. Kg1 b5 17. h5 Nc4 18. Be1 Bc6 19. Rg4 Rc7 20. Nh4 Kd7 21.
Qe2 Kc8 22. a4 bxa4 23. Bxc4 dxc4 24. Qxc4 Bb5 25. Qa2 Qd5 26. Qxd5 exd5 27. Nf5 Bd3 28. Nd6+ Bxd6 29. exd6 Bxb1 30. dxc7 Re8 31. Bd2 Re2 32. Bf4 a3 33. Rxg7 Re8 0-1

[Event "*** Titled Tuesday Blitz"]
[Site "Chess.com"]
[Date "2019.08.06"]
[Round "3"]
[White "yoolund"]
[Black "Zhuu96"]
[Result "0-1"]
[WhiteElo "2641"]
[BlackElo "2941"]
[TimeControl "180+2"]
[EndTime "13:34:51 PDT"]
[Termination "Zhuu96 won by resignation"]

1. d4 Nf6 2. Bg5 d5 3. Bxf6 gxf6 4. e3 c5 5. c4 cxd4 6. Qxd4 dxc4 7. Qxd8+ Kxd8 8. Bxc4 e6 9. Nc3 a6 10. Be2 Bd7 11.
Nf3 Nc6 12. O-O-O Kc7 13. Kb1 Rd8 14. Nd4 Nxd4 15. Rxd4 Bc6 16. Rxd8 Kxd8 17. Rd1+ Ke7 18. Bf3 Bxf3 19. gxf3 Rg8 20. Ne4 Rg2 21. Rc1 f5 22. Rc7+ Kd8 23. Rxf7 Be7 24. Nf6 Rxh2 25. Nxh7 Rxf2 26. f4 Re2 27. Ng5 Rxe3 28. Rg7 Re2 29. Nf7+ Ke8 30. Ne5 Bf6 31. Rxb7 Bxe5 32. fxe5 f4 33. Rb3 Rxe5 34. Rf3 Re4 35. Kc2 e5 36. Kd3 Rd4+ 37. Kc3 Ke7 38. b4 Ke6 39. a4 Kf5 40. b5 Rxa4 0-1

[Event "*** Titled Tuesday Blitz"]
[Site "Chess.com"]
[Date "2019.08.06"]
[Round "3"]
[White "belisarius64"]
[Black "Drags95"]
[Result "0-1"]
[WhiteElo "2641"]
[BlackElo "2847"]
[TimeControl "180+2"]
[EndTime "13:34:52 PDT"]
[Termination "Drags95 won by resignation"]

1. d4 Nf6 2. c4 e6 3. Nf3 d5 4.
g3 Bb4+ 5. Nbd2 dxc4 6. Bg2 a5 7. O-O b5 8. a4 c6 9. Qc2 O-O 10. b3 cxb3 11. Nxb3 bxa4 12. Rxa4 Ba6 13. Ne5 Bb5 14.
Ra1 a4 15. Qb2 Na6 16. Nxc6 Bxc6 17. Bxc6 Rc8 18. Bxa4 Bc3 19. Qa3 Bxa1 20. Qxa1 Nb4 21. Bb5 Nc2 22. Qb2 Qb6 23. Bd3 Nb4 24. Bb1 Nbd5 25.
Bd2 Rb8 26. Bc2 Rfc8 27. Bd1 Ne4 28. f3 Nec3 0-1

[Event "*** Titled Tuesday Blitz"]
[Site "Chess.com"]
[Date "2019.08.06"]
[Round "3"]
[White "12teen"]
[Black "FairChess_on_YouTube"]
[Result "0-1"]
[WhiteElo "2661"]
[BlackElo "3031"]
[TimeControl "180+2"]
[EndTime "13:34:59 PDT"]
[Termination "FairChess_on_YouTube won by resignation"]

1. g3 e5 2. Bg2 d5 3. d3 c6 4. Nc3 Nf6 5. Bd2 Bc5 6. e4 dxe4 7. dxe4 Qb6 8. Qe2 Qxb2 9. Rb1 Qa3 10. f4 O-O 11. Nf3 exf4 12. gxf4 b6 13. Ne5 Bd4 14. Nc4 Qc5 15. e5 Ba6 16. exf6 Bxc4 17. Qg4 Bxf6 18. Ne4 Re8 19. Kd1 Rxe4 20. Bxe4 Na6 21. c3 Rd8 22. Kc2 Qa3 23. Qf5 Qxa2+ 24. Rb2 Rxd2+ 25. Kxd2 Qxb2+ 26. Bc2 Qxc3+ 27. Kc1 g6 0-1

[Event "*** Titled Tuesday Blitz"]
[Site "Chess.com"]
[Date "2019.08.06"]
[Round "3"]
[White "temus_galaktionov"]
[Black "Parhamov"]
[Result "1-0"]
[WhiteElo "2684"]
[BlackElo "2951"]
[TimeControl "180+2"]
[EndTime "13:34:59 PDT"]
[Termination "temus_galaktionov won by resignation"]

1. d4 Nf6 2. Nf3 e6 3. c4 d5 4. Nc3 dxc4 5. e3 a6 6. a4 b6 7. Bxc4 Bb7 8. O-O Nc6 9. e4 Na5 10. Bd3 Be7 11. Bg5 O-O 12. Re1 Rc8 13. Qe2 h6 14. Bh4 Nb3 15. Rad1 Nxd4 16. Nxd4 Qxd4 17. Bxa6 Bxa6 18. Rxd4 Bxe2 19. Rxe2 Bc5 20. Rd3 Rfd8 21. Red2 Rxd3 22. Rxd3 g5 23. Bg3 Nh5 24. Kf1 Nxg3+ 25. hxg3 Kf8 26. b3 Ke7 27. g4 Bd6 28. Nb5 Be5 29. Na7 Ra8 30. Nc6+ Kf6 31. Rf3+ Bf4 32. g3 e5 33. gxf4 exf4 34. Rd3 Re8 35. f3 Re6 36.
Nb4 c5 37. Nd5+ Kg6 38. b4 cxb4 39. Rb3 Kg7 40. Rxb4 Rc6 41. Rxb6 Rc1+ 42. Ke2 Rc2+ 43. Ke1 Ra2 44. Nc3 Rc2 45. Ne2 Ra2 46. Ra6 Kg8 47. Nd4 Ra3 48. Kd2 Kh7 49. a5 h5 50. gxh5 Ra2+ 51. Kd3 Ra3+ 52. Ke2 Ra2+ 53. Kf1 Ra4 54. Nf5 Ra3 55. Kg2 Ra2+ 56. Kh3 Rf2 57. Nd4 Rd2 58. Rd6 Ra2 59. a6 1-0

[Event "*** Titled Tuesday Blitz"]
[Site "Chess.com"]
[Date "2019.08.06"]
[Round "3"]
[White "warmoatmeal"]
[Black "ALEXJR20"]
[Result "1-0"]
[WhiteElo "2055"]
[BlackElo "2179"]
[TimeControl "180+2"]
[EndTime "13:35:01 PDT"]
[Termination "warmoatmeal won by resignation"]

1. Nf3 c5 2. e4 Nc6 3. Bb5 g6 4.
c3 d5 5. exd5 Qxd5 6. O-O Bg7 7.
Na3 Nf6 8. d3 O-O 9. Bc4 Qd7 10.
Be3 b6 11. d4 cxd4 12. Nxd4 Nxd4 13. Qxd4 Qxd4 14. Bxd4 Bb7 15. f3 Rac8 16. Bb3 Nd7 17. Nc2 Bxd4+ 18. Nxd4 a6 19. Rfe1 e5 20. Nc2 Rfe8 21.
Rad1 Nc5 22. Bd5 Bxd5 23. Rxd5 Na4 24. Rd6 Red8 25. Red1 Rxd6 26. Rxd6 b5 27. Nb4 Nxb2 28.
Nd5 a5 29. Ne7+ 1-0